AoeStats
← bluetiger74

Arena

510522985Analyzed
4v4 RM · 1d ago on Oct 1, 2026· 57m 24s· 8 players
Game mode
Random Map
Map size
Large (8 player)
Population
200
Speed
Normal
Resources
Standard
Victory
Conquest
Starting age
Dark Age
Ending age
Imperial Age
RankedLock teamsTeams togetherTeam positionsShared explorationLock speedFull tech treeHidden civsTurbo modeCheats
Victory
Defeat
🇺🇸 Vietnamese · United States
821
+13
🇺🇾 Huns · Uruguay
807
+13
🇨🇳 Goths · China
803
+13
🇨🇳 Shu · China
746
+16
🇹🇷 Turks · Türkiye
793
-16
🇹🇷 Goths · Türkiye
780
-15
🇨🇳 Britons · China
698
-12
🇨🇳 Lithuanians · China
697
-12
bluetiger74
1:01 Loom
12:53 Feudal Age
13:28 Horse Collar
13:51 Double-Bit Axe
15:39 Stone Mining
16:05 Town Watch
16:59 Gold Mining
25:42 Castle Age
26:13 Elite Skirmisher
27:53 Gold Shaft Mining
27:33 Bow Saw
27:26 Heavy Plow
28:06 Fletching
29:39 Crossbowman
31:09 Thumb Ring
32:53 Pikeman
33:46 Husbandry
38:07 Murder Holes
37:54 Treadmill Crane
38:25 Masonry
44:16 Forging
44:07 Padded Archer Armor
50:11 Fortified Wall
50:25 Ballistics
52:54 Imperial Age
54:52 Masonry
55:43 Chemistry
54:35 Guard Tower
56:52 Coiled Serpent Array
57:13 Conscription
Kelvin.Xu
10:18 Feudal Age
11:33 Horse Collar
11:39 Double-Bit Axe
18:00 Castle Age
22:26 Heavy Plow
27:20 Imperial Age
26:09 Wheelbarrow
26:14 Bow Saw
27:08 Stone Mining
30:10 Two-Man Saw
31:03 Paper Money
30:43 Chatras
31:36 Ballistics
30:58 Treadmill Crane
31:56 Crop Rotation
32:27 Gold Mining
33:56 Chemistry
32:23 Elite Skirmisher
33:19 Imperial Skirmisher
34:42 Husbandry
34:53 Bloodlines
34:56 Elite Battle Elephant
37:01 Caravan
37:31 Coinage
37:11 Guilds
49:27 Fletching
49:37 Padded Archer Armor
49:47 Forging
49:38 Scale Mail Armor
49:43 Scale Barding Armor
CASTER123
11:42 Feudal Age
15:40 Castle Age
14:21 Double-Bit Axe
14:19 Horse Collar
15:22 Gold Mining
15:26 Stone Mining
15:27 Gold Mining
17:36 Wheelbarrow
18:59 Heavy Plow
19:36 Bow Saw
22:55 Hand Cart
26:19 Loom
31:47 Imperial Age
29:49 Anarchy
30:01 Forging
29:51 Scale Mail Armor
30:28 Squires
32:19 Iron Casting
32:00 Chain Mail Armor
33:46 Two-Man Saw
33:19 Crop Rotation
32:13 Elite Huskarl
36:40 Perfusion
38:52 Blast Furnace
40:17 Pikeman
42:49 Chemistry
43:00 Halberdier
56:54 Masonry
56:31 Spies/Treason
Alvaro Javier UY
11:35 Feudal Age
12:13 Double-Bit Axe
15:31 Stone Mining
18:31 Castle Age
17:56 Gold Mining
17:48 Horse Collar
19:46 Bow Saw
23:03 Wheelbarrow
24:25 Gold Shaft Mining
25:23 Hand Cart
24:59 Town Watch
25:00 Loom
XOnurX
10:07 Loom
12:46 Feudal Age
18:54 Castle Age
17:04 Horse Collar
17:12 Double-Bit Axe
17:20 Stone Mining
17:30 Gold Mining
19:50 Pikeman
20:39 Scale Mail Armor
28:41 Bow Saw
28:35 Heavy Plow
31:38 Forging
31:44 Chain Mail Armor
32:32 Squires
32:40 Anarchy
Klarnetci sofi
11:37 Feudal Age
15:39 Castle Age
13:57 Horse Collar
14:08 Double-Bit Axe
14:50 Gold Mining
14:53 Stone Mining
18:46 Gold Mining
24:33 Wheelbarrow
26:01 Gold Shaft Mining
26:52 Hand Cart
26:22 Town Watch
27:11 Town Patrol
27:05 Loom
27:04 Treadmill Crane
31:13 Imperial Age
29:11 Heavy Plow
29:23 Bow Saw
31:49 Ballistics
32:17 Padded Archer Armor
32:31 Forging
34:34 Elite Janissary
35:37 Elite Janissary
39:15 Artillery
39:16 Fletching
39:43 Leather Archer Armor
39:31 Husbandry
41:12 Bloodlines
41:12 Scale Barding Armor
鬼才
0:50 Loom
13:01 Feudal Age
14:25 Wheelbarrow
13:34 Horse Collar
13:41 Double-Bit Axe
19:28 Bloodlines
19:25 Stone Mining
19:27 Gold Mining
22:04 Castle Age
21:45 Forging
21:41 Scale Barding Armor
22:51 Husbandry
23:15 Hand Cart
23:02 Heavy Plow
29:42 Stone Shaft Mining
33:34 Treadmill Crane
34:04 Masonry
34:04 Fortified Wall
34:17 Ballistics
33:53 Murder Holes
38:30 Imperial Age
35:51 Town Watch
36:49 Iron Casting
38:36 Elite Leitis
39:38 Conscription
42:26 Chain Barding Armor
43:16 Architecture
46:29 Town Patrol
52:45 Plate Barding Armor
爷
0:37 Loom
11:15 Feudal Age
19:49 Castle Age
20:23 Double-Bit Axe
20:19 Horse Collar
21:15 Wheelbarrow
21:52 Fletching
22:04 Padded Archer Armor
23:03 Gold Mining
24:00 Bodkin Arrow
27:33 Leather Archer Armor
27:34 Bow Saw
27:34 Heavy Plow
29:21 Hand Cart
32:43 Imperial Age
33:14 Ballistics
34:57 Bracer
36:07 Yeomen
40:23 Two-Man Saw
38:59 Elite Longbowman
Connection lost

Rejoining the realm…

Still unreachable

The connection could not be restored.

Session expired

The server has moved on; the page needs a fresh start.